[Event "Titled Tuesday Blitz February 07 Early 2023"]
[White "Xie, Bryan"]
[Black "Aradhya, Garg"]
[WhiteFideId "30941296"]
[BlackFideId "25006746"]
[WhiteElo "2361"]
[BlackElo "2284"]
[Result "0-1"]
[Round "03"]
[TimeControl "180+2"]
[Date "2023.02.07"]
[WhiteClock "0:00:02"]
[BlackClock "0:00:36"]

1. e4 e5 2. Nf3 Nc6 3. Bc4 Nf6 4. d3 h6 5. O-O Bc5 6. c3 d6 7. d4 Bb6 8. Re1 O-O 9. h3 Re8 10. dxe5 Nxe5 11. Nxe5 Rxe5 12. Nd2 Qe7 13. Qf3 d5 14. Bd3 Bf5 15. Qf4 dxe4 16. Nc4 Rd5 17. Nxb6 axb6 18. Bc4 Rc5 19. Bb3 Be6 20. Be3 Rf5 21. Qg3 Bxb3 22. axb3 Rfa5 23. Rad1 Kh7 24. Bd4 c6 25. Bxf6 gxf6 26. Qf4 Re5 27. Rd4 Re8 28. Re3 Qe6 29. b4 Re7 30. Rd8 f5 31. Rg3 Re8 32. Rxe8 Qxe8 33. h4 Qe6 34. h5 Rd5 35. Re3 Qe5 36. Qh4 f4 37. Re1 e3 38. fxe3 fxe3 39. Qg4 Qxh5 40. Qxh5 Rxh5 41. Rxe3 Rb5 42. Re7 c5 43. Rxf7+ Kg8 44. Rxb7 cxb4 45. c4 Rc5 46. b3 Rc6 47. Kf2 Re6 48. Kf3 Kf8 49. Kf4 Ke8 50. g4 Rf6+ 51. Ke5 Rg6 52. Kf5 Rg5+ 53. Ke6 Rg6+ 54. Kd5 Kd8 55. Ke5 Kc8 56. Rh7 Rxg4 57. Rxh6 Kc7 58. Kd5 Rg3 59. Rh7+ Kd8 60. Kc6 Rxb3 61. Kxb6 Rc3 62. c5 b3 63. c6 b2 64. Rh8+ Ke7 65. Rh1 Rc1 66. c7 b1=Q+ 67. Ka7 0-1


[Site "https://www.chess.com"]

[Event "Titled Tuesday Blitz February 07 Early 2023"]
[White "Bulmaga, Irina"]
[Black "Matveeva, Olga"]
[WhiteFideId "13903063"]
[BlackFideId "24107018"]
[WhiteElo "2422"]
[BlackElo "2128"]
[Result "1-0"]
[Round "03"]
[TimeControl "180+2"]
[Date "2023.02.07"]
[WhiteClock "0:00:03"]
[BlackClock "0:00:11"]

1. e4 e6 2. d3 d5 3. Nd2 Nf6 4. Ngf3 Nc6 5. c3 e5 6. Qc2 dxe4 7. dxe4 Bc5 8. h3 O-O 9. Be2 a5 10. a4 Qe7 11. Nc4 b6 12. Bg5 h6 13. Bh4 Ba6 14. g4 Qe6 15. b3 Rfe8 16. Ne3 Bxe3 17. fxe3 Bxe2 18. Kxe2 Nd7 19. g5 Nc5 20. gxh6 Qxh6 21. Rhg1 Re6 22. Rg4 Rae8 23. Rb1 Rg6 24. b4 Ne6 25. Rxg6 Qxg6 26. Rg1 Qh5 27. b5 Ne7 28. Rg4 Ng6 29. Qc1 Nc5 30. Qg1 Re6 31. Rg5 Qh6 32. Qg4 Nxh4 33. Nxh4 Nxe4 34. Rh5 Nxc3+ 35. Kd3 Rd6+ 36. Kc4 Qxe3 37. Qc8+ 1-0


[Site "https://www.chess.com"]

[Event "Titled Tuesday Blitz February 07 Early 2023"]
[White "Manon-og, Ramon Jr."]
[Black "Demin, Vladimir"]
[WhiteFideId "5200776"]
[BlackFideId "4167457"]
[WhiteElo "1999"]
[BlackElo "2430"]
[Result "0-1"]
[Round "03"]
[TimeControl "180+2"]
[Date "2023.02.07"]
[WhiteClock "0:00:03"]
[BlackClock "0:00:14"]

1. e4 e5 2. Nf3 Nc6 3. Bc4 Nf6 4. Ng5 d5 5. exd5 Na5 6. Bb5+ c6 7. dxc6 bxc6 8. Bd3 Nd5 9. Nf3 Bd6 10. O-O O-O 11. Re1 f5 12. Bf1 e4 13. Nd4 c5 14. Nb5 Bb8 15. d3 e3 16. Bxe3 Nxe3 17. Rxe3 f4 18. Re1 f3 19. g3 Nc6 20. Nd2 Bg4 21. Ne4 a6 22. Na3 Nd4 23. c3 Ne2+ 24. Bxe2 fxe2 25. Rxe2 Qd5 26. Qf1 Qf5 27. Re3 Qh5 28. Nc4 Ra7 29. Rae1 Raf7 30. Ncd2 h6 31. d4 cxd4 32. cxd4 Kh7 33. Qd3 Bf5 34. Qxa6 Ba7 35. Qa5 Bxd4 36. R3e2 Qg6 37. Nf3 Bb6 38. Qa4 Bxe4 39. Nh4 Rxf2 40. Re3 Bxe3 0-1


[Site "https://www.chess.com"]

[Event "Titled Tuesday Blitz February 07 Early 2023"]
[White "Nunez V, Gustavo Eduardo"]
[Black "Bodnaruk, Anastasia"]
[WhiteFideId "4403690"]
[BlackFideId "4181751"]
[WhiteElo "2212"]
[BlackElo "2350"]
[Result "1-0"]
[Round "03"]
[TimeControl "180+2"]
[Date "2023.02.07"]
[WhiteClock "0:00:15"]
[BlackClock "0:00:18"]

1. e4 c5 2. Nc3 d6 3. g3 Nc6 4. Bg2 g6 5. d3 Bg7 6. Be3 e6 7. Qd2 Rb8 8. a4 Nge7 9. h4 h5 10. Nh3 Nd4 11. f4 O-O 12. O-O Nec6 13. Rf2 a6 14. Raf1 b5 15. axb5 axb5 16. f5 exf5 17. Nd5 Ne5 18. c3 Ndc6 19. Bg5 f6 20. Bh6 Ng4 21. Bxg7 Kxg7 22. Re2 fxe4 23. Bxe4 Nce5 24. Nhf4 f5 25. Bg2 Nf6 26. d4 Nf7 27. Ne7 Re8 28. Nexg6 Bd7 29. Rfe1 Rxe2 30. Rxe2 cxd4 31. Qxd4 Qb6 32. Qxb6 Rxb6 33. Ne7 Ra6 34. Ned5 Ra1+ 35. Kh2 Ne5 36. Nxf6 Kxf6 37. Nxh5+ Kf7 38. Bd5+ Kg6 39. Nf4+ Kh6 40. Kg2 Rd1 41. Bb3 Rb1 42. Rd2 Rg1+ 43. Kf2 Ng4+ 44. Kxg1 1-0


[Site "https://www.chess.com"]

[Event "Titled Tuesday Blitz February 07 Early 2023"]
[White "Da Silva Junior, Sediney Mari"]
[Black "Melian, Juan Sebastian"]
[WhiteFideId "2132079"]
[BlackFideId "3706575"]
[WhiteElo "2010"]
[BlackElo "2293"]
[Result "1-0"]
[Round "03"]
[TimeControl "180+2"]
[Date "2023.02.07"]
[WhiteClock "0:00:26"]
[BlackClock "0:00:02"]

1. e4 g6 2. d4 Bg7 3. Nf3 c6 4. h4 h6 5. Nc3 d6 6. Bf4 Nd7 7. e5 dxe5 8. dxe5 Nc5 9. Qxd8+ Kxd8 10. O-O-O+ Ke8 11. h5 g5 12. Be3 Ne6 13. Be2 Nc7 14. Ne4 Bf5 15. Nc5 Rb8 16. Nd4 Bc8 17. e6 fxe6 18. Bc4 Nd5 19. Ndxe6 Bxe6 20. Nxe6 Bf6 21. Bxd5 cxd5 22. Bxa7 Rc8 23. Rxd5 Kf7 24. Nd8+ Ke8 25. Nxb7 Ra8 26. Ra5 Kf7 27. Rd1 g4 28. Nd8+ Ke8 29. Ne6 Kf7 30. Nd8+ Ke8 31. Ne6 Kf7 32. Bb6 Rb8 33. Nd8+ Ke8 34. Ra6 Bg5+ 35. Kb1 Nf6 36. Ne6 Kf7 37. Nxg5+ hxg5 38. Ba7 Rb7 39. Bd4 Rd7 40. b4 Rhd8 41. Rxf6+ exf6 42. c3 Re8 43. a4 Re2 44. Rh1 f5 45. g3 f4 46. a5 Ke6 47. h6 Rh7 48. b5 Kd5 49. a6 Ree7 50. b6 Kc6 51. b7 Re8 52. Kb2 Kc7 53. Kc2 Kb8 54. Rb1 f3 55. a7+ 1-0


[Site "https://www.chess.com"]

[Event "Titled Tuesday Blitz February 07 Early 2023"]
[White "Cella, Glaucio Dalla Cortt"]
[Black "Fathy, Elameir"]
[WhiteFideId "2119455"]
[BlackFideId "10600396"]
[WhiteElo "1894"]
[BlackElo "2300"]
[Result "1-0"]
[Round "03"]
[TimeControl "180+2"]
[Date "2023.02.07"]
[WhiteClock "0:01:29"]
[BlackClock "0:00:19"]

1. e4 c6 2. Nf3 d5 3. exd5 cxd5 4. d4 Nc6 5. c3 Bf5 6. Qb3 Qd7 7. Ne5 Nxe5 8. dxe5 a6 9. Be3 e6 10. f4 Nh6 11. h3 Be7 12. Nd2 Bh4+ 13. Ke2 O-O 14. g4 Bg6 15. Nf3 Be7 16. Bg2 Be4 17. Rad1 Qc7 18. Kf2 b5 19. Nd4 Bh4+ 20. Kg1 Bxg2 21. Kxg2 Rfe8 22. Rhf1 f6 23. Nf3 fxe5 24. Nxh4 exf4 25. Bxf4 Qc6 26. Bxh6 gxh6 27. Nf3 Qd6 28. Qc2 Rf8 29. Qe2 Rae8 30. Qe5 Qc5 31. Nd4 Rxf1 32. Rxf1 Qb6 33. Rf6 1-0


[Site "https://www.chess.com"]

[Event "Titled Tuesday Blitz February 07 Early 2023"]
[White "Womacka, Mathias"]
[Black "Lacasa Diaz, Jose Antonio"]
[WhiteFideId "4611390"]
[BlackFideId "2203375"]
[WhiteElo "2396"]
[BlackElo "2359"]
[Result "0-1"]
[Round "03"]
[TimeControl "180+2"]
[Date "2023.02.07"]
[WhiteClock "0:01:17"]
[BlackClock "0:00:27"]

1. e4 c5 2. Nf3 d6 3. d4 cxd4 4. Nxd4 Nf6 5. Nc3 g6 6. Be3 Bg7 7. f3 O-O 8. Qd2 Nc6 9. O-O-O d5 10. exd5 Nxd5 11. Nxc6 bxc6 12. Bd4 e5 13. Bc5 Re8 14. Ne4 Qc7 15. g4 Be6 16. h4 Nf6 17. Nxf6+ Bxf6 18. h5 Red8 19. Bd3 e4 20. fxe4 Qe5 21. Qf2 Qxb2+ 22. Kd2 Qc3+ 23. Kc1 Rab8 24. e5 Bxe5 25. hxg6 Rb1+ 0-1


[Site "https://www.chess.com"]

[Event "Titled Tuesday Blitz February 07 Early 2023"]
[White "Bernat, David"]
[Black "Ingebretsen, Jens E"]
[WhiteFideId "2099225"]
[BlackFideId "1522965"]
[WhiteElo "1862"]
[BlackElo "2342"]
[Result "0-1"]
[Round "03"]
[TimeControl "180+2"]
[Date "2023.02.07"]
[WhiteClock "0:00:41"]
[BlackClock "0:00:25"]

1. c4 e5 2. g3 Nf6 3. Bg2 c6 4. Nf3 e4 5. Nd4 d5 6. cxd5 Qxd5 7. Nb3 Qh5 8. Nc3 Bh3 9. O-O Ng4 10. Nxe4 Bxg2 11. Kxg2 Qxh2+ 12. Kf3 f5 13. Rh1 fxe4+ 14. Kxg4 Qxf2 15. Qf1 Qxf1 16. Rxf1 Nd7 17. Nd4 Nf6+ 18. Kh3 O-O-O 19. Nf5 g6 20. Ne3 Bg7 21. Rb1 h5 22. b4 Nd5 23. Nc4 Rhf8 24. b5 Rxf1 0-1


[Site "https://www.chess.com"]

[Event "Titled Tuesday Blitz February 07 Early 2023"]
[White "Vifleemskaia, Svetlana"]
[Black "Manukyan, Artyom"]
[WhiteFideId "4129490"]
[BlackFideId "13305786"]
[WhiteElo "1971"]
[BlackElo "2110"]
[Result "0-1"]
[Round "03"]
[TimeControl "180+2"]
[Date "2023.02.07"]
[WhiteClock "0:00:11"]
[BlackClock "0:00:22"]

1. d4 Nf6 2. c4 e6 3. Nc3 d5 4. cxd5 exd5 5. Bg5 c6 6. e3 Qb6 7. Qd2 Ne4 8. Nxe4 dxe4 9. a3 Be6 10. Rc1 Nd7 11. Bc4 Bd5 12. Ne2 h6 13. Bf4 Bxc4 14. Rxc4 Be7 15. O-O O-O 16. Ng3 Nf6 17. Nf5 Rfe8 18. Be5 Qb5 19. Nxe7+ Rxe7 20. Bxf6 gxf6 21. Rc5 Qb3 22. Qe2 Kh7 23. Rh5 Rg8 24. Rc1 Rg6 25. Rcc5 Re8 26. h3 Reg8 27. g4 Rg5 28. Rhxg5 Rxg5 29. Rf5 Qe6 30. Rxg5 hxg5 31. Qc2 Kg7 32. Qc5 b6 33. Qf5 Qxf5 34. gxf5 Kh6 35. Kg2 Kh5 36. Kg3 b5 37. b3 a5 38. b4 a4 39. f3 exf3 40. Kxf3 Kh4 41. Kg2 g4 42. e4 gxh3+ 43. Kh2 Kg4 44. d5 cxd5 45. exd5 Kxf5 46. Kxh3 Ke5 47. Kg4 Kxd5 48. Kf5 Kc4 0-1


[Site "https://www.chess.com"]

[Event "Titled Tuesday Blitz February 07 Early 2023"]
[White "Chakravarthi Reddy, M"]
[Black "Gurevich, Dmitry"]
[WhiteFideId "25009532"]
[BlackFideId "2000407"]
[WhiteElo "2279"]
[BlackElo "2393"]
[Result "1-0"]
[Round "03"]
[TimeControl "180+2"]
[Date "2023.02.07"]
[WhiteClock "0:00:03"]
[BlackClock "0:00:01"]

1. c4 c5 2. Nc3 b6 3. Nf3 Bb7 4. e3 Nf6 5. Be2 g6 6. O-O Bg7 7. d4 cxd4 8. exd4 d5 9. Re1 O-O 10. Bg5 dxc4 11. Bxc4 Nc6 12. d5 Na5 13. Bxf6 Bxf6 14. Bb3 Nxb3 15. axb3 Bxc3 16. bxc3 Bxd5 17. c4 Bxf3 18. Qxf3 e6 19. Ra6 Qc7 20. Rea1 Rfd8 21. g3 h5 22. h4 e5 23. Qe2 Re8 24. b4 Rac8 25. Rxa7 Qxc4 26. Qxc4 Rxc4 27. Rb1 e4 28. Rb7 Re6 29. b5 Rc5 30. Kg2 Rc2 31. Kf1 e3 32. fxe3 Rxe3 33. Rxb6 Rf3+ 34. Ke1 Rxg3 35. Rf6 Re3+ 36. Kd1 Rc7 37. b6 Rb7 38. Rc1 Rd3+ 39. Kc2 Rd5 40. Rb1 Kg7 41. Rc6 Rd4 42. Kc3 Rxh4 43. Rc7 Rb8 44. b7 Rh3+ 45. Kc4 Rh4+ 46. Kc5 Rh2 47. Kb6 Rf2 48. Rc8 Rf6+ 49. Ka7 Rxb7+ 50. Kxb7 h4 51. Rc4 g5 52. Rg4 Rg6 53. Rbg1 Kh6 54. Rc4 f5 55. Rc6 g4 56. Rc5 Kg5 57. Rf1 Rf6 58. Kc7 h3 59. Kd7 g3 60. Rc3 Kg4 61. Rc4+ f4 62. Ke7 Rf5 63. Rc8 1-0


[Site "https://www.chess.com"]

[Event "Titled Tuesday Blitz February 07 Early 2023"]
[White "Bethke, Richard"]
[Black "Bolanos, Fernando"]
[WhiteFideId "12959243"]
[BlackFideId "3304094"]
[WhiteElo "2382"]
[BlackElo "2248"]
[Result "1-0"]
[Round "03"]
[TimeControl "180+2"]
[Date "2023.02.07"]
[WhiteClock "0:01:02"]
[BlackClock "0:00:06"]

1. e4 c5 2. Nf3 e6 3. d4 cxd4 4. Nxd4 Nf6 5. Nc3 Nc6 6. Ndb5 d6 7. Bf4 e5 8. Bg5 a6 9. Na3 b5 10. Nd5 Be7 11. Bxf6 Bxf6 12. c3 O-O 13. h4 Be6 14. g3 Rb8 15. Nc2 a5 16. a4 bxa4 17. Qc1 Bxd5 18. exd5 Ne7 19. Ne3 Qd7 20. Bg2 g6 21. h5 Bg7 22. h6 Bh8 23. O-O f5 24. Nc4 e4 25. Nxa5 Qb5 26. Nc6 Nxc6 27. dxc6 Rfc8 28. Rd1 Rxc6 29. Bf1 Qxb2 30. Qf4 Be5 31. Qg5 Ra8 32. Qe7 Qb6 33. Rxa4 Rac8 34. Rxd6 Bxg3 35. Qg7# 1-0


[Site "https://www.chess.com"]

[Event "Titled Tuesday Blitz February 07 Early 2023"]
[White "Slade, Theodore"]
[Black "Koridze, Lile"]
[WhiteFideId "426547"]
[BlackFideId "13612514"]
[WhiteElo "1995"]
[BlackElo "2191"]
[Result "1-0"]
[Round "03"]
[TimeControl "180+2"]
[Date "2023.02.07"]
[WhiteClock "0:01:02"]
[BlackClock "0:00:42"]

1. d4 Nf6 2. c4 e6 3. g3 d5 4. Bg2 Bb4+ 5. Bd2 Be7 6. Nf3 O-O 7. O-O c6 8. Qc2 b6 9. Bf4 Bb7 10. Nc3 Nbd7 11. e4 dxe4 12. Nxe4 Nxe4 13. Qxe4 Nf6 14. Qe2 c5 15. Rad1 cxd4 16. Nxd4 Qc8 17. Bxb7 Qxb7 18. Rfe1 Rac8 19. Nb5 Rfd8 20. Nd6 Bxd6 21. Bxd6 Qc6 22. Be7 Rxd1 23. Rxd1 Ne8 24. b3 f6 25. Ba3 g6 26. h4 Kf7 27. h5 Ng7 28. hxg6+ hxg6 29. Rd6 Qb7 30. Qd3 Rc7 31. Rd8 Ne8 32. Rxe8 Kxe8 33. Qxg6+ Kd7 34. Qf7+ Kd8 35. Qxf6+ Kc8 36. Qf8+ Kd7 37. Qe7+ Kc8 38. Qe8# 1-0


[Site "https://www.chess.com"]

[Event "Titled Tuesday Blitz February 07 Early 2023"]
[White "JonSnowNW1"]
[Black "Bettalli, Francesco"]
[BlackFideId "2816453"]
[WhiteElo "2329"]
[BlackElo "2252"]
[Result "1-0"]
[Round "03"]
[TimeControl "180+2"]
[Date "2023.02.07"]
[WhiteClock "0:00:10"]
[BlackClock "0:00:40"]

1. c4 g6 2. Nc3 Bg7 3. g3 Nf6 4. Bg2 O-O 5. e4 c5 6. Nge2 e5 7. O-O d6 8. d3 Nc6 9. h3 Ne8 10. f4 f5 11. Be3 Nd4 12. Qd2 Nc7 13. fxe5 dxe5 14. Nd5 Nxd5 15. cxd5 b6 16. Nxd4 cxd4 17. Bh6 Ba6 18. Bxg7 Kxg7 19. Rac1 Rc8 20. Rxc8 Qxc8 21. Rc1 Qd7 22. exf5 gxf5 23. Qg5+ Kh8 24. Qh6 Qg7 25. Qxg7+ Kxg7 26. Rc7+ Rf7 27. d6 Rxc7 28. dxc7 Kf6 29. g4 fxg4 30. hxg4 Ke7 31. Be4 Kd6 32. Bxh7 Kxc7 33. Be4 Kd6 34. Kf2 Bc8 35. Kg3 Be6 36. Kh4 Bxa2 37. g5 Ke6 38. Kh5 Kf7 39. Kh6 Kg8 40. Bh7+ Kf8 41. g6 a5 42. g7+ Ke7 43. g8=Q Bxg8 44. Bxg8 b5 45. Kg5 Kd6 46. Kf5 a4 47. Ke4 b4 48. Bc4 a3 49. bxa3 bxa3 50. Ba2 Kc5 51. Kxe5 Kb4 52. Kxd4 1-0


[Site "https://www.chess.com"]

[Event "Titled Tuesday Blitz February 07 Early 2023"]
[White "Florescu, Codrut-Constantin"]
[Black "Ruiz Aguilar, Pablo Alexander"]
[WhiteFideId "1202200"]
[BlackFideId "4401352"]
[WhiteElo "2259"]
[BlackElo "2161"]
[Result "1/2-1/2"]
[Round "03"]
[TimeControl "180+2"]
[Date "2023.02.07"]
[WhiteClock "0:00:10"]
[BlackClock "0:00:09"]

1. e4 c5 2. Nf3 e6 3. d4 cxd4 4. Nxd4 a6 5. Bd3 Nf6 6. Qe2 d6 7. f4 Qc7 8. g4 Nc6 9. Nxc6 Qxc6 10. g5 Nd7 11. Nc3 Nc5 12. Be3 Be7 13. O-O-O g6 14. h4 Bd7 15. h5 O-O-O 16. Bd4 Rhg8 17. hxg6 hxg6 18. Rh7 Be8 19. Kb1 Kb8 20. a3 Rc8 21. Qe3 Nxd3 22. cxd3 Ka8 23. Rc1 Qd7 24. Rc2 Bd8 25. Bf6 Bxf6 26. gxf6 Rc5 27. Qd4 Qc7 28. Rhh2 Bd7 29. Rh7 Be8 30. Rch2 b5 31. Rh8 Rxh8 32. Rxh8 Qd8 33. e5 Kb7 34. Ne4 Rd5 35. Rxe8 Qxe8 36. Nxd6+ Rxd6 37. Qxd6 Qc6 38. Qe7+ Qc7 39. d4 Kc6 40. Qf8 Kd5 41. Qa8+ Kxd4 42. Qxa6 Qc4 43. Qa7+ Ke4 44. Qb7+ Kxf4 45. Qxf7 Qf1+ 46. Kc2 Qc4+ 47. Kd2 Qd4+ 48. Kc2 Qc4+ 49. Kd2 Qd4+ 50. Kc2 Qc4+ 1/2-1/2


[Site "https://www.chess.com"]

[Event "Titled Tuesday Blitz February 07 Early 2023"]
[White "Zaichenko, Daria"]
[Black "Buksa, Nataliya"]
[WhiteFideId "4197453"]
[BlackFideId "14123622"]
[WhiteElo "2104"]
[BlackElo "2406"]
[Result "0-1"]
[Round "03"]
[TimeControl "180+2"]
[Date "2023.02.07"]
[WhiteClock "0:00:09"]
[BlackClock "0:00:06"]

1. e4 c5 2. Nf3 Nc6 3. d4 cxd4 4. Nxd4 e5 5. Nb5 d6 6. N1c3 a6 7. Na3 Be7 8. Nd5 b5 9. c4 b4 10. Nc2 a5 11. Be3 Rb8 12. a4 Nf6 13. Bd3 O-O 14. b3 Be6 15. h3 Qd7 16. Nb6 Qc7 17. Nd5 Qb7 18. O-O Bxd5 19. exd5 Na7 20. f4 e4 21. Be2 Bd8 22. Kh2 Bb6 23. Nd4 Nc8 24. g4 Ne7 25. f5 Nfxd5 26. cxd5 Nxd5 27. Qd2 Rfe8 28. Bc4 Nxe3 29. Qxe3 d5 30. Bb5 Qc7+ 31. Kh1 Qe5 32. Rad1 Rec8 33. f6 Rc3 34. Qf2 Rxh3+ 35. Kg1 Rg3+ 36. Kh1 Rxg4 37. Qf5 Qg3 38. Qxg4 Qxg4 39. Nf5 Qh3# 0-1


[Site "https://www.chess.com"]

[Event "Titled Tuesday Blitz February 07 Early 2023"]
[White "Toczek, Grzegorz"]
[Black "Balint, Vilmos"]
[WhiteFideId "1106457"]
[BlackFideId "718050"]
[WhiteElo "2260"]
[BlackElo "2169"]
[Result "1-0"]
[Round "03"]
[TimeControl "180+2"]
[Date "2023.02.07"]
[WhiteClock "0:00:49"]
[BlackClock "0:00:12"]

1. d4 Nf6 2. Nf3 g6 3. Bf4 Bg7 4. e3 d6 5. h3 O-O 6. Nbd2 Nfd7 7. Be2 e5 8. Bh2 Nc6 9. c3 Qe8 10. O-O f5 11. Qb3+ Kh8 12. Nc4 e4 13. Nfd2 Nf6 14. a4 Rb8 15. a5 a6 16. Qc2 Be6 17. b4 Bg8 18. Rab1 Na7 19. Na3 h6 20. c4 g5 21. b5 axb5 22. cxb5 f4 23. Qxc7 Nd5 24. Qxd6 fxe3 25. fxe3 Rxf1+ 26. Nxf1 Rd8 27. Qc5 Nxe3 28. Be5 Bxe5 29. dxe5 Nxf1 30. Rxf1 Nc8 31. Nc4 Rd5 32. Qb4 Rxb5 33. Qc3 Be6 34. Nd6 Nxd6 35. exd6+ Kh7 36. Bxb5 Qxb5 37. Qf6 Qc5+ 38. Kh1 Qxd6 39. Rb1 Qd7 40. Qe5 Bf5 41. Rb6 Bxh3 42. Qxe4+ Kh8 43. gxh3 Qxh3+ 44. Kg1 Qg3+ 45. Kf1 Qh3+ 46. Ke2 Qh2+ 47. Kd3 Qd6+ 48. Qd4+ Qxd4+ 49. Kxd4 1-0


[Site "https://www.chess.com"]

[Event "Titled Tuesday Blitz February 07 Early 2023"]
[White "Herman, Daniel"]
[Black "Wilson, Elvin"]
[WhiteFideId "30935008"]
[BlackFideId "2014874"]
[WhiteElo "1956"]
[BlackElo "2183"]
[Result "0-1"]
[Round "03"]
[TimeControl "180+2"]
[Date "2023.02.07"]
[WhiteClock "0:00:07"]
[BlackClock "0:00:21"]

1. d4 Nf6 2. c4 e6 3. Nf3 d5 4. Nc3 Bb4 5. e3 O-O 6. Qc2 c5 7. dxc5 Nbd7 8. Be2 dxc4 9. Bxc4 Bxc5 10. O-O b6 11. Rd1 Bb7 12. b3 Rc8 13. Bb2 Qe7 14. Qe2 Ng4 15. Bb5 Rfd8 16. Rac1 Nde5 17. Nxe5 Nxe5 18. f4 Ng6 19. Na4 Nxf4 20. Qf2 Nxg2 21. Nxc5 Rxc5 22. Rxd8+ Qxd8 23. Rxc5 bxc5 24. Bf1 Qg5 25. Bxg2 Bxg2 26. Qxg2 Qxe3+ 27. Qf2 Qg5+ 28. Kf1 f6 29. Qg2 Qf5+ 30. Kg1 Qb1+ 0-1


[Site "https://www.chess.com"]

[Event "Titled Tuesday Blitz February 07 Early 2023"]
[White "Zanette, Edgard Vinicius"]
[Black "Khamdamova, Afruza"]
[WhiteFideId "2109263"]
[BlackFideId "14210444"]
[WhiteElo "2085"]
[BlackElo "2162"]
[Result "0-1"]
[Round "03"]
[TimeControl "180+2"]
[Date "2023.02.07"]
[WhiteClock "0:00:17"]
[BlackClock "0:00:52"]

1. e4 e5 2. Nf3 Nf6 3. Nc3 Nc6 4. Bb5 Bc5 5. O-O O-O 6. Nd5 Nxe4 7. Qe2 Nd6 8. Ba4 Re8 9. c3 e4 10. Ne1 Ne7 11. Ne3 Ng6 12. N1c2 Qg5 13. d4 exd3 14. Qxd3 Nf4 15. Qd2 Nc4 0-1


[Site "https://www.chess.com"]

[Event "Titled Tuesday Blitz February 07 Early 2023"]
[White "Ramirez Allo, Eduardo"]
[Black "Osmonbekov, Talaibek"]
[WhiteFideId "2224178"]
[BlackFideId "2017253"]
[WhiteElo "2274"]
[BlackElo "2137"]
[Result "1-0"]
[Round "03"]
[TimeControl "180+2"]
[Date "2023.02.07"]
[WhiteClock "0:00:27"]
[BlackClock "0:00:09"]

1. d4 e6 2. c4 f5 3. Nf3 Nf6 4. Bf4 Be7 5. e3 O-O 6. Be2 d6 7. O-O Nc6 8. Nc3 Qe8 9. d5 e5 10. dxc6 exf4 11. cxb7 Bxb7 12. exf4 Ne4 13. Nd5 Bd8 14. Nd2 c6 15. Ne3 Bb6 16. Nxe4 Qxe4 17. Qxd6 Rad8 18. Qa3 Rd2 19. Bf3 Qxf4 20. Rad1 Rfd8 21. Rxd2 Rxd2 22. Rd1 Rxd1+ 23. Bxd1 Bxe3 24. Qxe3 Qxe3 25. fxe3 Kf7 26. Bf3 Ke6 27. Kf2 Kd6 28. b4 Ba6 29. c5+ Kd7 30. h4 Bc4 31. a3 Bb5 32. Kg3 Ke6 33. Kf4 h6 34. g3 g6 35. e4 fxe4 36. Bxe4 Kf6 37. Bc2 g5+ 38. Ke4 gxh4 39. gxh4 a6 40. Bd3 Ke6 41. Bxb5 axb5 42. Kd4 Kf5 43. h5 Kf4 44. Kc3 Kg5 45. a4 bxa4 46. b5 cxb5 47. c6 Kxh5 48. c7 Kh4 49. c8=Q h5 50. Qg8 Kh3 51. Kd3 a3 52. Ke3 1-0


[Site "https://www.chess.com"]

[Event "Titled Tuesday Blitz February 07 Early 2023"]
[White "Van den Dikkenberg, Erik"]
[Black "Mamedov, Edgar"]
[WhiteFideId "1005880"]
[BlackFideId "13739980"]
[WhiteElo "2091"]
[BlackElo "2193"]
[Result "0-1"]
[Round "03"]
[TimeControl "180+2"]
[Date "2023.02.07"]
[WhiteClock "0:00:24"]
[BlackClock "0:00:51"]

1. e4 c6 2. d4 d5 3. exd5 cxd5 4. Bd3 Nc6 5. c3 Nf6 6. Nf3 Bg4 7. O-O e6 8. Re1 Bd6 9. Bg5 O-O 10. Nbd2 Bh5 11. Qc2 Bg6 12. Ne5 Qc7 13. Bxg6 hxg6 14. Rac1 Nxe5 15. dxe5 Bxe5 16. Nf3 Bf4 17. Bxf4 Qxf4 18. Qb3 Qc7 19. Ne5 Rab8 20. c4 Rfc8 21. c5 Ne4 22. Nd3 Qa5 23. Qc2 Qxa2 24. Ra1 Qc4 25. Qd1 Nxc5 26. Ne5 Qb3 27. Qg4 Qxb2 28. Rxa7 Qc2 29. Qf3 Qf5 30. Qa3 Ne4 31. f3 Qxe5 32. fxe4 dxe4 33. Qe7 Qd4+ 0-1


[Site "https://www.chess.com"]

[Event "Titled Tuesday Blitz February 07 Early 2023"]
[White "Theytookourjobs"]
[Black "Ronka, Erik"]
[BlackFideId "505080"]
[WhiteElo "2291"]
[BlackElo "2276"]
[Result "1-0"]
[Round "03"]
[TimeControl "180+2"]
[Date "2023.02.07"]
[WhiteClock "0:00:02"]
[BlackClock "0:00:03"]

1. d4 d5 2. Bf4 c5 3. e3 cxd4 4. exd4 Nc6 5. Nf3 Bg4 6. Be2 e6 7. O-O Bd6 8. Bg3 Nge7 9. c3 O-O 10. Nbd2 Nf5 11. Bxd6 Nxd6 12. Ne5 Bxe2 13. Qxe2 Rc8 14. h3 Nxe5 15. Qxe5 b5 16. Nb3 Re8 17. Nc5 a5 18. b4 Nc4 19. Qe2 Qd6 20. f4 f6 21. Rae1 axb4 22. cxb4 Kf7 23. Qh5+ Kg8 24. f5 e5 25. Ne6 exd4 26. Nxg7 Rxe1 27. Rxe1 Kxg7 28. Qg4+ Kf8 29. Qh5 Qd7 30. Qh4 Qf7 31. Re6 Kg7 32. Qg4+ Kh8 33. Qh4 Rf8 34. Qxd4 Ne5 35. Qxd5 Rg8 36. Qd6 Qg7 37. g4 h5 38. Rxf6 Nf7 39. Qe6 Rf8 40. Rg6 Qh7 41. Qf6+ Qg7 42. Qxg7# 1-0


[Site "https://www.chess.com"]

[Event "Titled Tuesday Blitz February 07 Early 2023"]
[White "Andrews, Todd"]
[Black "Bashirli, Saadat"]
[WhiteFideId "2012456"]
[BlackFideId "13429990"]
[WhiteElo "2220"]
[BlackElo "1571"]
[Result "1-0"]
[Round "03"]
[TimeControl "180+2"]
[Date "2023.02.07"]
[WhiteClock "0:00:57"]
[BlackClock "0:00:51"]

1. e4 e6 2. d4 d5 3. Nc3 Bb4 4. e5 c5 5. Bd2 cxd4 6. Nb5 Be7 7. f4 Nc6 8. Nf3 Nh6 9. Nbxd4 Nxd4 10. Nxd4 O-O 11. Bd3 Qb6 12. c3 Bc5 13. Nb3 Bf2+ 14. Kf1 Be3 15. Ke2 Bxd2 16. Qxd2 Ng4 17. Raf1 a5 18. h3 Nh6 19. g4 a4 20. Nd4 Kh8 21. Rf3 f6 22. exf6 gxf6 23. f5 exf5 24. Qxh6 Re8+ 25. Kf2 fxg4 26. hxg4 Qc7 27. Bxh7 Qe7 28. Bg6+ Kg8 29. Qh8# 1-0


[Site "https://www.chess.com"]

[Event "Titled Tuesday Blitz February 07 Early 2023"]
[White "Sovetbekova, Nurai"]
[Black "Jimenez Almeida, Luis David"]
[WhiteFideId "13801910"]
[BlackFideId "22242244"]
[WhiteElo "1764"]
[BlackElo "2242"]
[Result "0-1"]
[Round "03"]
[TimeControl "180+2"]
[Date "2023.02.07"]
[WhiteClock "0:00:05"]
[BlackClock "0:00:44"]

1. d4 g6 2. c4 Bg7 3. e4 c5 4. d5 b5 5. cxb5 a6 6. Nc3 d6 7. a4 axb5 8. Bxb5+ Nd7 9. Nf3 Nf6 10. O-O O-O 11. Qc2 Ba6 12. Nd2 Ne8 13. Bxa6 Rxa6 14. Nb5 Nc7 15. Nxc7 Qxc7 16. Nc4 Rb8 17. Bd2 Nb6 18. Nxb6 Qxb6 19. Bc3 Qb3 20. Rfc1 Bxc3 21. Qxc3 Qxb2 22. Qc4 Ra5 23. h3 Rb4 24. Qd3 Qd4 25. Qc2 Raxa4 26. Rxa4 Rxa4 27. Re1 Rb4 28. Re2 c4 29. e5 c3 30. exd6 exd6 31. Qa2 Kg7 32. Kh2 Rb2 33. Qa6 Rxe2 34. Qxe2 Qd2 35. Qe7 Qf4+ 36. Kg1 c2 0-1


[Site "https://www.chess.com"]

[Event "Titled Tuesday Blitz February 07 Early 2023"]
[White "Wahedi, Ahmad Siar"]
[Black "Stolz, Mike"]
[WhiteFideId "4651260"]
[BlackFideId "4617134"]
[WhiteElo "2274"]
[BlackElo "2330"]
[Result "1-0"]
[Round "03"]
[TimeControl "180+2"]
[Date "2023.02.07"]
[WhiteClock "0:01:08"]
[BlackClock "0:00:25"]

1. e4 c5 2. Nf3 e6 3. d4 cxd4 4. Nxd4 Nc6 5. Nb5 d6 6. c4 Nf6 7. N5c3 Be7 8. Be2 O-O 9. O-O a6 10. h3 Qa5 11. Be3 Rd8 12. a3 Bd7 13. Nd2 Be8 14. b4 Qc7 15. Rc1 Rac8 16. Qb3 Ne5 17. f4 Ng6 18. f5 Ne5 19. fxe6 fxe6 20. Rf2 Bf7 21. Rcf1 d5 22. exd5 exd5 23. Nxd5 Nxd5 24. cxd5 Bxd5 25. Qb1 Bh4 26. Rf5 Be6 27. Rh5 Ng6 28. Bd3 Qg3 29. Rf3 Qc7 30. Bxg6 1-0


[Site "https://www.chess.com"]